Map: Kairos Junction LE

Players

Odin

  • Race: Terran Terran
  • League: Gold
  • Spawn Location: 5:00

keyser - Winner!

  • Race: Terran Terran
  • League: Gold
  • Spawn Location: 11:00

VOD

Have the link to the VOD?

Description

Time

  • Played on: Dec. 16, 2018, 5:28 a.m.
  • Length: 4:14
Show
View Real Time Build Order
Export as new Build Order

Odin Terran 

Build Orders: Command Center First (CC) 

Get SALT Encoding   

  12  0:12  SCV  
  13  0:23  Supply Depot  
  13  0:24  SCV  
  14  0:36  SCV  
  14  0:41  Supply Depot  
  15  0:43  Supply Depot  
  15  1:12  Engineering Bay  
  15  1:33  SCV  
  15  1:35  Command Center  
  16  1:48  Barracks  
  16  1:54  Refinery  
  16  2:01  Refinery, SCV  
  17  2:21  SCV  
  18  2:33  SCV  
  19  2:45  SCV  
  20  2:58  Orbital Command  
  20  3:04  Hi-Sec Auto Tracking  
Show
View Real Time Build Order
Export as new Build Order

keyser Terran - Winner!

Build Orders:  

Get SALT Encoding   

  12  0:00  SCV  
  13  0:15  Supply Depot  
  13  0:18  SCV  
  14  0:30  SCV  
  15  0:41  Barracks  
  15  0:43  SCV  
  15  0:48  Refinery  
  16  0:56  SCV  
  17  1:08  SCV  
  18  1:20  SCV  
  19  1:32  Supply Depot  
  19  1:33  Marine  
  20  1:42  Barracks  
  20  1:49  Orbital Command  
  20  1:51  Supply Depot  
  20  1:57  Marine  
  21  2:19  Refinery  
  21  2:30  Marine  
  21  2:32  Marine  
  21  2:35  Factory  
  23  2:37  SCV  
  24  2:49  SCV  
  25  3:08  Barracks Tech Lab  
  25  3:12  SCV  
  26  3:19  Factory Tech Lab  
  26  3:24  Starport  
  26  3:32  Marine x2  
  28  3:44  Bunker  
Tags
 
Add a new tag
Caveats
  • Supply blocks, unpowered buildings, or Contaminate may cause inaccurate times.
  • Supply counts are checked every 10 seconds.